 Dungeon Crawl Stone Soup version 0.30-a0-1008-g30c9307041 (webtiles) character file.

Game seed: 1905481665681080234

1 elagabalus the Cudgeller (level 1, 19/19 HPs)
             Began as a Troll Gladiator on Mar 22, 2023.
             Quit the game on level 1 of the Dungeon on Apr 6, 2023.
             The game lasted 00:00:37 (50 turns).

elagabalus the Cudgeller (Troll Gladiator)            Turns: 50, Time: 00:00:38

Health: 19/19      AC:  4    Str: 21    XL:     1   Next: 16%
Magic:  0/0        EV: 10    Int:  4    God:
Gold:   9          SH:  0    Dex: 11    Spells: 0/0 levels left

rFire   . . .      SeeInvis .    a - +0 flail
rCold   . . .      Faith    .    (no shield)
rNeg    . . .      Spirit   .    b - +0 robe
rPois   .          Reflect  .    c - +0 hat
rElec   .          Rampage  .    (no cloak)
rCorr   .                        (gloves unavailable)
Will    .....                    (boots unavailable)
Stlth   +                        (no amulet)
HPRegen 1.03/turn                (no ring)
MPRegen 0.07/turn                (no ring)

@: no status effects
A: large, unfitting armour, claws 3, regeneration 1, shaggy fur 1, tough skin 1
a: no special abilities


You were on level 1 of the Dungeon.
You visited 1 branch of the dungeon, and saw 1 of its levels.

You collected 9 gold pieces.

Inventory:

Hand Weapons
 a - a +0 flail (weapon)
Missiles
 d - 3 throwing nets (quivered)
 e - a large rock
Armour
 b - a +0 robe (worn)
 c - a +0 hat (worn)


   Skills:
 - Level 1.5 Fighting
 * Level 2.8 Maces & Flails
 - Level 1.7 Throwing
 - Level 2.4 Dodging


You couldn't memorise any spells.
You didn't know any spells.
Your spell library was empty.

Dungeon Overview and Level Annotations

Branches:
Dungeon (1/15)

Altars:


Innate Abilities, Weirdness & Mutations

You are too large for most types of armour.
You have claws for hands.
Your natural rate of healing is unusually fast.
You are covered in fur. (AC +1)
You have tough skin. (AC +1)


Message History

Welcome, elagabalus the Troll Gladiator.
A smirking vizier told you that the Orb of Zot is just within this dungeon.
Press ? for a list of commands and other information.
Found 9 gold pieces and a ring mail.
Found a staircase leading out of the dungeon.
Found an escape hatch in the floor.
You now have 9 gold pieces.
You see here a +0 ring mail.
You open the door.
There is an open door here.
Found a stone staircase leading down.
A ball python comes into view.
A bat comes into view.
Found a murky pink potion.
You closely miss the ball python. The ball python barely misses you. x2
You completely miss the ball python. The bat hits you but does no damage.
The ball python barely misses you. x2
You closely miss the ball python. The bat hits you.
The ball python barely misses you.
You sock the ball python!
You kill the ball python!
The bat hits you but does no damage. The bat barely misses you.
The bat hits you but does no damage. The bat closely misses you.
You closely miss the bat. The bat hits you but does no damage.
The bat hits you but does no damage. The bat barely misses you.
You thump the bat!
You kill the bat!
Welcome back, elagabalus the Troll Gladiator.
Press ? for a list of commands and other information.
Are you sure you want to abandon this character and quit the game? (Confirm with "yes".)

#.# #. #.# #. #.# ### #.
#.# ...#. #.# #.#.#####
#######.# ..##... ...#
#.......#
.......###.#####.#####.#
#..#@............##.#
......>....#####.##.....
.###..#.#..# #.# ##.#
#.......# #.# #.#
#.##.#.## #.. ... #.
#.#.# ### .# . #.#.# #.
...!# #.


There were no monsters in sight!

Vanquished Creatures
  A ball python (D:1)
  A bat (D:1)
2 creatures vanquished.

Notes
Turn   | Place    | Note
-------+----------+-------------------------------------------
     0 | D:1      | elagabalus the Troll Gladiator began the quest for the Orb.
     0 | D:1      | Reached XP level 1. HP: 19/19 MP: 0/0
    50 | D:1      | Upgraded the game from 0.30-a0-924-g0ad0bf95bc to
                  | 0.30-a0-1008-g30c9307041
    50 | D:1      | Quit the game

Illustrated notes

Levels and vault maps discovered:
D:1:      amcnicky_arrival_flooded_fountain, layout_loops_cross, serial_shops,
          nicolae_shop_stone

Action                     || total
---------------------------++-------
  Melee: Flail             ||     6
 Armour: Robe              ||     5
  Dodge: Dodged            ||     8

Table legend: (Time is in decaauts)
 A = Elapsed time spent in this place.
 B = Non-inter-level travel time spent in this place.
 C = Inter-level travel time spent in this place.
 D = Time resting spent in this place.
 E = Time spent auto-exploring this place.
 F = Levels seen in this place.
 G = Mean time per level.
                   A        B        C        D        E       F      G
               +--------+--------+--------+--------+--------+-----+--------+
         Total |     51 |     20 |     31 |      0 |      0 |   1 |   51.0 |
       Dungeon |     51 |     20 |     31 |      0 |      0 |   1 |   51.0 |
               +--------+--------+--------+--------+--------+-----+--------+

Top non-repeatable levels by time:
     D:1: 51 daAuts
